 Dungeon Crawl Stone Soup version 0.18.1-48-g4cf74bf (webtiles) character file.

55 Iskender the Sneak (level 3, 0/24 HPs)
             Began as an Octopode Warper on Aug 24, 2016.
             Killed from afar by a hobgoblin (13 damage)
             ... with a wand of flame
             ... on level 2 of the Dungeon.
             The game lasted 00:08:53 (1607 turns).

Iskender the Sneak (Octopode Warper)                Turns: 1607, Time: 00:08:54

Health: 0/24       AC:  1    Str: 10    XL:     3   Next: 93%
Magic:  6/6        EV: 12    Int: 15    God:
Gold:   157        SH:  0    Dex: 12    Spells: 3 memorised, 1 level left

rFire  . . .     SeeInvis .     a - +0 spear
rCold  . . .     Gourm    .     (no shield)
rNeg   . . .     Faith    .     (helmet restricted)
rPois  .         Spirit   .     (no amulet)
rElec  .         Dismiss  .     (no ring)
rCorr  .         Reflect  .     (no ring)
SustAt .         Harm     .     (no ring)
MR     .....                    (no ring)
Stlth  ++++......               (no ring)
                                (no ring)
                                (no ring)
                                (no ring)

@: very slightly contaminated, not resistant to hostile enchantments, stealthy
A: almost no armour, amphibious, 8 rings, constrict 8, camouflage 1, gelatinous
body 1
a: no special abilities


You were on level 2 of the Dungeon.
You were not hungry.

You visited 1 branch of the dungeon, and saw 2 of its levels.

You collected 157 gold pieces.

Inventory:

Hand Weapons
 a - a +0 spear (weapon)
 h - a +0 dagger
Missiles
 d - 5 tomahawks of dispersal {!f}
 e - 35 stones (quivered)
 n - 17 arrows
Scrolls
 c - a scroll of blinking
 j - 2 scrolls of remove curse
 o - a scroll of fear
 p - a scroll of fog {unknown}
 q - a scroll of magic mapping
 s - a scroll of noise {unknown}
Potions
 i - a potion of agility
 m - 2 potions of curing {unknown}
 r - a potion of haste {unknown}
Books
 b - a book of Spatial Translocations

   Spells                             Type                      Level
   a - Apportation                    Translocation                1
   b - Blink                          Translocation                2
   c - Shroud of Golubria             Charms/Translocation         2
   d - Portal Projectile              Translocation                3
   e - Teleport Other                 Translocation                3
   f - Passage of Golubria            Translocation                4
Comestibles
 f - 3 bread rations
 k - 2 beef jerkies
 l - a meat ration
 t - 5 chunks of flesh


   Skills:
 - Level 2.0 Fighting
 + Level 2.8 Polearms
 - Level 1.0 Throwing
 - Level 2.3 Dodging
 - Level 4.0 Stealth
 - Level 2.0 Spellcasting
 - Level 3.0 Translocations


You had one spell level left.
You knew the following spells:

 Your Spells              Type           Power        Failure   Level  Hunger
g - Shroud of Golubria    Chrm/Tloc      #.........   17%         2    ###....
v - Blink                 Tloc           N/A          12%         2    ###....
A - Apportation           Tloc           ##........   8%          1    #......


Dungeon Overview and Level Annotations

Branches:
Dungeon (2/15)

Altars:


Innate Abilities, Weirdness & Mutations

You cannot wear most types of armour.
You are amphibious.
You can wear up to eight rings at the same time.
You can use your tentacles to constrict eight enemies at once.
Your skin changes colour to match your surroundings (Stealth).
Your rubbery body absorbs attacks (AC +1).


Message History

Press: ? - help, Dir - move target cursor, f - hobgoblin
Aim: a hobgoblin, wielding a club (hasn't noticed you)
You reach to attack!
The hobgoblin shouts!
You hit the hobgoblin but do no damage.
The kobold shouts!
The hobgoblin zaps a wand.
The puff of flame misses you.
It is a wand of flame.
Attack whom?
Press: ? - help, Dir - move target cursor, f/p - hobgoblin
Aim: a hobgoblin, wielding a club and carrying a wand of flame {zapped: 1} You reach to attack!
You barely miss the hobgoblin. You closely miss the hobgoblin.
Your grab misses the hobgoblin.
The hobgoblin zaps a wand.
The puff of flame hits you!
You hit the hobgoblin but do no damage. Your grab misses the hobgoblin.
The hobgoblin barely misses you.
You hit the hobgoblin. Your grab misses the hobgoblin.
The hobgoblin is moderately wounded.
The hobgoblin zaps a wand.
The puff of flame hits you!
Ouch! That really hurt!
You die...

#.# #.# #.# #.#
#.#############
#.......†.....#
#####..#########.##
..........##.#
######...@gK.#
......#.##.#
#######.# # #.# #.#
#.# #.# #.#


You could see a hobgoblin and a kobold.

Vanquished Creatures
  A gnoll (D:1)
  An adder (D:2)
  A worm (D:2)
  3 giant cockroaches
  3 goblins
  2 hobgoblins (D:2)
  8 jackals (D:2)
  4 bats
  2 giant newts
  3 kobolds
  3 rats (D:1)
31 creatures vanquished.

Notes
Turn   | Place    | Note
--------------------------------------------------------------
     0 | D:1      | Iskender the Octopode Warper began the quest for the Orb.
     0 | D:1      | Reached XP level 1. HP: 14/14 MP: 3/3
   147 | D:1      | Reached skill level 1 in Stealth
   454 | D:1      | Reached skill level 2 in Stealth
   475 | D:1      | Reached XP level 2. HP: 16/19 MP: 5/5
   896 | D:1      | Reached skill level 3 in Stealth
   978 | D:2      | Reached XP level 3. HP: 22/24 MP: 6/6
  1135 | D:2      | Reached skill level 4 in Stealth
  1584 | D:2      | Learned a level 2 spell: Shroud of Golubria
  1587 | D:2      | Learned a level 2 spell: Blink
  1607 | D:2      | Killed from afar by a hobgoblin

Skill      XL: |  1  2  3 |
---------------+----------+-----
Stealth        | 2 3 4 |  4.0
Fighting       | |  2.0
Polearms       | |  2.8
Throwing       | |  1.0
Dodging        | |  2.3
Spellcasting   | |  2.0
Translocations | |  3.0

Action                   || total
-------------------------++-------
Melee: Spear             ||    90
       Constrict         ||    15
       Tentacles         ||     7
Throw: Stone             ||    10
  Use: Scroll            ||     4
 Stab: Sleeping          ||    10
  Eat: Chunk             ||     2
Armor: Skin              ||     4
Dodge: Dodged            ||    26
